 Dungeon Crawl Stone Soup version 0.28.0-43-g3370ac3207 (webtiles) character file.

Game seed: 1598830445504225978

6594 H0rd4k the Thaumaturge (level 10, -5/52 HPs)
             Began as a Deep Elf Hedge Wizard on Mar 16, 2022.
             Was an Initiate of Gozag.
             Slain by a yak (15 damage)
             ... on level 1 of the Lair of Beasts.
             The game lasted 00:25:45 (15261 turns).

H0rd4k the Thaumaturge (Deep Elf Hedge Wizard)     Turns: 15261, Time: 00:25:46

Health: -5/52      AC:  5    Str:  7    XL:     10   Next: 71%
Magic:  12/29      EV: 14    Int: 24    God:    Gozag
Gold:   811        SH:  0    Dex: 20    Spells: 27/36 levels left

rFire   . . .      SeeInvis .   k - +9 halberd of Imuohah {flame, *Slow rElec Dex+6}
rCold   + . .      Faith    .   (shield currently unavailable)
rNeg    . . .      Spirit   .   b - +0 robe
rPois   .          Reflect  .   c - +0 hat
rElec   +          Harm     .   q - +2 cloak
rCorr   .          Rampage  .   (no gloves)
Will    +....                   (no boots)
Stlth   ++........              r - amulet of the acrobat
HPRegen 0.17/turn               y - ring of protection from cold
MPRegen 0.21/turn               (no ring)

@: on blink cooldown
A: no striking features
a: Renounce Religion, Potion Petition, Call Merchant, Bribe Branch


You were on level 1 of the Lair of Beasts.
You worshipped Gozag.
Gozag was pleased with you.
You visited 3 branches of the dungeon, and saw 13 of its levels.

You collected 1209 gold pieces.
You spent 270 gold pieces at shops.
You paid 128 gold pieces to Gozag.

Inventory:

Hand Weapons
 k - the +9 halberd of Imuohah (weapon) {flame, *Slow rElec Dex+6}
   (You bought it in a shop on level 5 of the Dungeon)

   It burns those it strikes, dealing additional fire damage.
   Big, fiery blades are also staple armaments of hydra-hunters.
   Dex:       It affects your dexterity (+6).
   rElec:     It insulates you from electricity.
   *Slow:     It may slow you when you take damage.
Armour
 b - a +0 robe (worn)
 c - a +0 hat (worn)
 q - a +2 cloak (worn)
Magical Staves
 x - a staff of death
Jewellery
 r - an amulet of the acrobat (around neck)
 y - a ring of protection from cold (left hand)
Wands
 m - a wand of paralysis (2)
 z - a wand of iceblast (3)
 C - a wand of flame (3)
Scrolls
 d - 2 scrolls of fear
 i - 3 scrolls of enchant armour
 j - a scroll of enchant weapon {unknown}
 p - 7 scrolls of teleportation
 t - a scroll of immolation {unknown}
 w - a scroll of silence {unknown}
 B - 2 scrolls of amnesia
 E - 2 scrolls of fog {unknown}
Potions
 e - 2 potions of haste
 f - 6 potions of curing
 g - a potion of invisibility
 h - a potion of ambrosia {unknown}
 l - a potion of mutation
 n - a potion of degeneration {unknown}
 o - a potion of heal wounds
 s - 2 potions of lignification
 u - 2 potions of cancellation
 v - 2 potions of might
 A - 5 potions of magic
 D - 2 potions of berserk rage


   Skills:
 + Level 1.4 Fighting
 + Level 1.4 Polearms
 + Level 4.4 Dodging
 - Level 2.4 Stealth
 + Level 13.6 Spellcasting
 + Level 10.2 Conjurations
 + Level 1.1 Summonings
 + Level 2.8 Translocations
 + Level 4.3 Fire Magic
 + Level 3.9 Air Magic
 + Level 4.3 Poison Magic
 + Level 2.0 Evocations


You had 27 spell levels left.
You knew the following spells:

 Your Spells              Type           Power      Damage    Failure   Level
a - Magic Dart            Conj           100%       1d8       1%          1
b - Blink                 Tloc           58%        N/A       1%          2
c - Conjure Flame         Conj/Fire      51%        6-21      1%          3
d - Mephitic Cloud        Conj/Pois/Air  45%        N/A       1%          3

Your spell library contained the following spells:

 Spells                   Type           Power      Damage    Failure   Level
 Shock                    Conj/Air       100%       1d9       1%          1
 Dazzling Flash           Conj/Hex       80%        N/A       1%          3
 Swiftness                Air            35%        N/A       2%          3
 Iskenderun's Mystic Bla  Conj/Tloc      47%        2d10      2%          4
 Slow                     Hex            64%        N/A       3%          1
 Call Imp                 Summ           21%        N/A       3%          2
 Fulminant Prism          Conj/Hex       20%        3d13      4%          4
 Hailstorm                Conj/Ice       40%        3d10      4%          4
 Fireball                 Conj/Fire      25%        3d11      4%          5
 Airstrike                Air            17%        N/A       7%          4
 Confusing Touch          Hex            16%        N/A       11%         3
 Animate Armour           Summ/Erth      36%        N/A       28%         4
 Ice Form                 Ice/Tmut       16%        N/A       36%         4
 Iron Shot                Conj/Erth      20%        9d5       56%         6
 Blade Hands              Tmut           8%         N/A       71%         5
 Lee's Rapid Deconstruct  Erth           8%         3d8*      71%         5
 Simulacrum               Ice/Necr       8%         N/A       99%         6


Dungeon Overview and Level Annotations

Branches:
Dungeon (11/15)            Temple (1/1) D:4            Lair (1/6) D:9
    Orc: D:9-12

Altars:
Ashenzari
Cheibriados
Dithmenos
Elyvilon
Fedhas
Gozag
Hepliaklqana
Kikubaaqudgha
Makhleb
Nemelex Xobeh
Okawaru
Qazlal
Ru
Sif Muna
Trog
Uskayaw
Vehumet
Wu Jian
Xom
Yredelemnul
Zin
The Shining One
Beogh

Shops:
D:3 (   D:5 (

Annotations:
D:5 exclusion: downstairs
D:6 exclusion: downstairs
D:8 exclusion: downstairs
D:9 exclusion: steam dragon
D:10 exclusion: 2 downstairs
D:11 exclusion: vampire, Snorg


Message History

Press: ? - help, Shift-Dir - straight line, f - blink frog
Aim: a blink frog (moderately wounded, unaware, hasn't noticed you)
The mass of ice explodes!
The iceblast engulfs the blink frog!
The blink frog is severely wounded.
The blink frog is no longer distracted by gold.
The iceblast engulfs the yak!
The yak is moderately wounded.
You hear a bellow!
You hear a croak.
You hear an angry hiss.
You hear a croak.
The blink frog is distracted by your dazzling golden aura.
A yak comes into view.
The blink frog is no longer distracted by gold.
A bullfrog comes into view.
The blink frog blinks!
Casting: Blink (safe; 1% risk of failure)
Confirm with . or Enter, or press ? or * to list all spells.
You blink.
A yak comes into view.
The yak bellows! x2
The yak closely misses you.
The blink frog blinks!
Unknown command.
A wyvern comes into view.
You feel stable enough to blink again.
The yak is distracted by your dazzling golden aura.
A water moccasin comes into view.
The yak is distracted by your dazzling golden aura.
The komodo dragon completely misses you.
The yak is no longer distracted by gold.
The komodo dragon bites you!!
* * * LOW HITPOINT WARNING * * *
You feel much better. The bullfrog misses you. The komodo dragon bites you!!
* * * LOW HITPOINT WARNING * * *
Casting: Blink (safe; 1% risk of failure)
Confirm with . or Enter, or press ? or * to list all spells.
You blink.
A blink frog comes into view.
The blink frog croaks.
The yak is no longer distracted by gold.
The yak gores you!
You die...
Your body crumbles into a pile of gold.

....##.?....#.#
......#.F.....#
####..##$...### ♣ #
#..##.## ♣♣♣. #...###
....##### ### ###.####
........####.######'#..##
..........#.............#
...........≈@....F....>.#
..........Y≈YY.F........#
.......YY≈F≈≈≈≈≈........#
.........≈≈≈≈≈≈.........#
.......l.l≈≈≈≈.<........#
#.##.###§≈≈≈≈≈≈...P####P#
## #.≈≈≈≈≈≈≈....#####
#.≈≈≈≈≈≈≈..#.#.##
##..≈≈≈≈≈.#.....#


You could see a komodo dragon, 5 yaks, 2 blink frogs, a wyvern and a bullfrog.

Vanquished Creatures
  A two-headed ogre (D:9)
  Pikel (D:6)
  A black mamba (Lair:1)
  Maggie (D:6)
  2 trolls
  A blink frog (Lair:1)
  7 yaks
  Edmund (D:4)
  2 water moccasins
  2 orc warriors (D:10)
  A sky beast (D:8)
  5 ogres
  A necrophage (D:5)
  5 centaurs
  4 lemures
  A phantom (D:4)
  A kobold brigand (D:7)
  4 bullfrogs
  A gnoll sergeant (D:6)
  A wyvern zombie (D:8)
  4 scorpions
  A wyvern skeleton (D:5)
  2 centaur zombies
  4 hounds
  4 orc priests
  2 jellies (D:7)
  A gnoll shaman (D:9)
  A centaur skeleton (D:7)
  Ijyb (D:4)
  An iguana (D:4)
  6 orc wizards
  A killer bee zombie (D:9)
  A howler monkey zombie (D:6)
  19 gnolls
  A howler monkey skeleton (D:4)
  6 adders
  A shadow imp (D:5)
  A white imp (D:5)
  An ufetubus (D:5)
  2 worms
  2 dart slugs
  23 orcs
  7 bats
  5 endoplasms
  6 giant cockroaches
  9 goblins
  13 hobgoblins
  2 quokkas
  7 ball pythons
  3 frilled lizards
  14 kobolds
  5 rats
199 creatures vanquished.

Vanquished Creatures (others)
  4 plants (D:6)
4 creatures vanquished.

Grand Total: 203 creatures vanquished

Notes
Turn   | Place    | Note
-------+----------+-------------------------------------------
     0 | D:1      | H0rd4k the Deep Elf Hedge Wizard began the quest for the
                  | Orb.
     0 | D:1      | Reached XP level 1. HP: 10/10 MP: 7/7
   737 | D:1      | Reached XP level 2. HP: 15/15 MP: 4/9
  1719 | D:2      | You fall into a shaft and drop 2 floors!
  1798 | D:3      | Reached XP level 3. HP: 12/20 MP: 1/11
  1938 | D:3      | Got Omaujeuq's Almanac of Bewitchment and Fire
  1965 | D:3      | Reached skill level 5 in Spellcasting
  2216 | D:3      | Learned a level 2 spell: Blink
  2220 | D:3      | Learned a level 3 spell: Conjure Flame
  2224 | D:3      | Learned a level 3 spell: Mephitic Cloud
  2404 | D:2      | Reached XP level 4. HP: 24/24 MP: 8/13
  3590 | D:3      | Reached skill level 1 in Fire Magic
  3590 | D:3      | Reached skill level 1 in Air Magic
  3693 | D:3      | Reached XP level 5. HP: 28/28 MP: 10/15
  3830 | D:3      | Found a snail-covered altar of Cheibriados.
  4032 | D:3      | Found Omuqohat's Weapon Boutique.
  4059 | D:4      | Noticed Ijyb
  4473 | D:4      | Noticed a phantom
  4474 | D:4      | Found a staircase to the Ecumenical Temple.
  5075 | D:4      | Noticed an ogre
  5085 | D:4      | Noticed Edmund
  5086 | D:4      | Killed an ogre
  5087 | D:4      | Reached skill level 6 in Spellcasting
  5087 | D:4      | Reached skill level 1 in Poison Magic
  5087 | D:4      | Reached XP level 6. HP: 23/33 MP: 4/17
  5123 | D:5      | Entered Level 5 of the Dungeon
  5644 | D:5      | Reached XP level 7. HP: 37/37 MP: 7/19
  5997 | D:5      | Reached skill level 7 in Spellcasting
  6380 | D:5      | Reached skill level 5 in Conjurations
  6685 | D:5      | Reached skill level 8 in Spellcasting
  6685 | D:5      | Reached skill level 1 in Evocations
  6763 | D:5      | Found Taoka's Antique Weapon Boutique.
  6871 | D:4      | Reached XP level 8. HP: 42/42 MP: 8/22
  7153 | Temple   | Entered the Ecumenical Temple
  7327 | D:4      | Killed Edmund
  7460 | D:4      | Killed Ijyb
  7461 | D:4      | Reached skill level 9 in Spellcasting
  8223 | D:6      | Noticed Pikel
  8970 | D:6      | Found a blossoming altar of Fedhas.
  9101 | D:6      | Reached skill level 10 in Spellcasting
  9164 | D:6      | Found an opulent altar of Gozag.
  9177 | D:6      | Became a worshipper of Gozag Ym Sagoz the Greedy
  9179 | D:6      | Found an ornate altar of the Wu Jian Council.
  9252 | D:6      | Killed Pikel
  9253 | D:6      | Reached skill level 1 in Fighting
  9253 | D:6      | Reached XP level 9. HP: 47/47 MP: 12/25
  9566 | D:6      | Found a sacrificial altar of Ru.
  9626 | D:6      | Noticed Maggie
  9640 | D:6      | Killed Maggie
  9641 | D:6      | Reached skill level 11 in Spellcasting
 10272 | D:7      | Found a glowing golden altar of the Shining One.
 10781 | D:6      | Identified the +5 short sword of Welfare {antimagic, *Slow
                  | rC+ Str+7 Dex+4}
 10866 | D:5      | Bought a twisted halberd for 270 gold pieces
 10866 | D:5      | Identified the +9 halberd of Imuohah {flame, *Slow rElec
                  | Dex+6} (You bought it in a shop on level 5 of the Dungeon)
 11021 | D:8      | Found a burning altar of Makhleb.
 11146 | D:8      | Found a hazy altar of Hepliaklqana.
 11652 | D:9      | Found a broken altar of Ashenzari.
 11895 | D:9      | Noticed a two-headed ogre
 11908 | D:9      | Killed a two-headed ogre
 11909 | D:9      | Reached skill level 12 in Spellcasting
 11909 | D:9      | Reached XP level 10. HP: 15/52 MP: 12/28
 13183 | D:9      | Found a staircase to the Lair.
 13427 | D:10     | Entered Level 10 of the Dungeon
 13985 | D:10     | Reached skill level 13 in Spellcasting
 14250 | D:10     | Reached skill level 10 in Conjurations
 14536 | D:10     | Found a shimmering altar of Xom.
 14877 | D:11     | Reached skill level 1 in Polearms
 14923 | D:11     | Noticed Snorg
 15048 | Lair:1   | Entered Level 1 of the Lair of Beasts
 15048 | Lair:1   | Noticed a black mamba
 15091 | Lair:1   | Killed a black mamba
 15261 | Lair:1   | Slain by a yak

Illustrated notes

Levels and vault maps discovered:
D:1:      dpeg_arrival_shelter, layout_loops_ring, minmay_misc_feat_encased,
          serial_park_tiny_pond, nicolae_figureground_pulse
D:2:      cheibrodos_greedy_goblins, layout_loops_ring, chequers_garden,
          kennysheep_nub
D:3:      layout_rooms, chei_slow_surprise, serial_shops,
          nicolae_shop_bloodbath_and_beyond, st_stairs_7
D:4:      minmay_wonky_spiral, layout_basic, minmay_temple_entry_glass,
          uniq_edmund, uniq_ijyb
D:5:      layout_basic, serial_shops, nicolae_shop_overgrown_old_shop
D:6:      layout_basic, overflow_temple_1_default,
          nicolae_ru_the_path_less_chosen, nzn_wu_jian_contemplation,
          fedhas_ov_isle_minmay, uniq_maggie, uniq_pikel
D:7:      layout_rooms, mainiacjoe_overflow_small_starburst
D:8:      layout_loops_ring, bloody_makhleb, mainiacjoe_overflow_cross_hatched
D:9:      layout_loops_ring, nicolae_ashenzari_skybound, lair_entry_dummy,
          david_defended_altar_orc
D:10:     layout_loops_corners, mainiacjoe_overflow_alcove_2
D:11:     layout_roguey, david_orc_3, trog_hazing_becter, uniq_snorg
Temple:   nicolae_temple_hex_pool
Lair:1:   layout_roguey, portal_ice_cave_demonic_guard, guppyfry_lair_drakes,
          grunt_megastairs_3, infiniplex_staircase_pool

Skill      XL: |  1  2  3  4  5  6  7  8  9 10 |
---------------+-------------------------------+-----
Dodging        | 3 4 |  4.4
Spellcasting   | 5 6 8 10 12 13 | 13.6
Conjurations   | 2 3 4 5 7 9 10 | 10.2
Fire Magic     | 1 2 3 4 |  4.3
Air Magic      | 1 2 3 |  3.9
Poison Magic   | 1 2 3 4 |  4.3
Translocations | 2 |  2.8
Evocations     | 1 2 |  2.0
Fighting       | 1 |  1.4
Polearms       | 1 |  1.4
Stealth        | |  2.4
Summonings     | |  1.1

Action                   |  1- 3 |  4- 6 |  7- 9 | 10-12 || total
-------------------------+-------+-------+-------+-------++-------
Melee: Dagger            |    41 |     2 |       |       ||    43
       Punch             |     2 |       |       |       ||     2
       Halberd           |       |       |     2 |    12 ||    14
 Cast: Magic Dart        |   130 |   173 |   331 |   160 ||   794
       Mephitic Cloud    |       |     6 |    19 |    12 ||    37
       Conjure Flame     |       |     7 |    30 |    19 ||    56
       Blink             |       |     1 |     5 |     6 ||    12
Evoke: Wand              |       |       |     7 |     3 ||    10
  Use: Scroll            |       |       |    10 |     5 ||    15
       Potion            |       |       |       |     1 ||     1
Armor: Robe              |    20 |     2 |    11 |     6 ||    39
Dodge: Dodged            |    65 |    24 |    32 |    27 ||   148
